 Dungeon Crawl Stone Soup version 0.27.0-1-g7a089689b8 (webtiles) character file.

Game seed: 15667709170155539374

39 GordonOverkill the Grave Robber (level 3, 0/15 HPs)
             Began as a Felid Necromancer on Aug 3, 2021.
             Succumbed to an adder's poison
             ... on level 2 of the Dungeon.
             The game lasted 00:03:54 (2087 turns).

GordonOverkill the Grave Robber (Felid Necromancer) Turns: 2087, Time: 00:03:55

Health: 0/15       AC:  1    Str:  2    XL:     3   Next: 28%
Magic:  0/7        EV: 17    Int: 17    God:
Gold:   27         SH:  0    Dex: 16    Spells: 3/6 levels left
                                        Lives:  0   Deaths: 0

rFire    . . .     SeeInvis +   (weapon unavailable)
rCold    . . .     Faith    .   (shield unavailable)
rNeg     . . .     Spirit   .   (armour unavailable)
rPois    .         Reflect  .   (helmet unavailable)
rElec    .         Harm     .   (cloak unavailable)
rCorr    .         Rampage  .   (gloves unavailable)
Will     +....                  (boots unavailable)
Stlth    ++........             (no amulet)
HPRegen  0.05/turn              (no ring)
MPRegen  0.10/turn              (no ring)

@: lethally poisoned (0 -> -5), very slightly contaminated, hasted, very quick
A: very small, claws 1, fangs 3, see invisible, speed 1, shaggy fur 1, stealthy
paws, no weapons or thrown items, no armour, multi-lived, antennae 1,
strong-willed 1, weak 1, wild magic 1
a: no special abilities


You were on level 2 of the Dungeon.
You visited 1 branch of the dungeon, and saw 2 of its levels.

You collected 27 gold pieces.

Inventory:

Scrolls
 a - 3 scrolls of identify {unknown}
 d - a scroll of enchant armour {unknown}
 f - a scroll of holy word {unknown}
Potions
 e - 3 potions of mutation


   Skills:
 + Level 1.1 Fighting
 - Level 2.6 Dodging
 + Level 3.5 Stealth
 + Level 2.3 Spellcasting
 * Level 1.2 Summonings
 - Level 4.1 Necromancy


You had 3 spell levels left.
You knew the following spells:

 Your Spells              Type           Power      Damage    Failure   Level
a - Pain                  Necr           80%        1d8       6%          1
b - Animate Skeleton      Necr           40%        N/A       6%          1
c - Summon Small Mammal   Summ           28%        N/A       17%         1

Your spell library contained the following spells:

 Spells                   Type           Power      Damage    Failure   Level
 Vampiric Draining        Necr           10%        2d7       16%         3
 Apportation              Tloc           4%         N/A       26%         1
 Corona                   Hex            2%         N/A       26%         1
 Animate Dead             Necr           10%        N/A       43%         4
 Agony                    Necr           20%        N/A       75%         5


Dungeon Overview and Level Annotations

Branches:
Dungeon (2/15)

Altars:


Innate Abilities, Weirdness & Mutations

You have sharp claws.
You have razor-sharp teeth.
You have supernaturally acute eyesight. (SInv)
You cover ground quickly. (Speed+)
You are covered in fur. (AC +1)
Your paws help you pounce on unaware monsters.
You are incapable of wielding weapons or throwing items.
You cannot wear armour.
You gain extra lives every three experience levels.
You have a pair of small antennae on your head.
You are strong-willed. (Will+)
You are weak. (Str -2)
Your spells are a little harder to cast, but a little more powerful.


Message History

Press: ? - help, Shift-Dir - straight line, f/p - adder
Aim: an adder (heavily wounded, chance to affect: 81%)
You miscast Pain.
You are very lightly contaminated with residual magic.
Nothing appears to happen.
Casting: Pain (safe; 3% risk of failure)
Confirm with . or Enter, or press ? or * to list all spells.
Aiming: Pain (safe; 3% risk of failure)
Press: ? - help, Shift-Dir - straight line, f/p - adder
Aim: an adder (heavily wounded, chance to affect: 81%)
The adder writhes in agony.
You scratch the adder but do no damage.
The adder is severely wounded.
You closely miss the adder.
The adder is severely wounded.
The adder closely misses you.
You scratch the adder but do no damage.
The adder is severely wounded.
The adder misses you.
You scratch the adder. Your bite misses the adder.
The adder is almost dead.
The adder bites you.
* * * LOW HITPOINT WARNING * * *
You miss the adder.
The adder is almost dead.
The adder bites you.
* * * LOW HITPOINT WARNING * * *
You are lethally poisoned!
The adder poisons you!
You scratch the adder.
You kill the adder!
* * * LOW HITPOINT WARNING * * *
You feel sick.
Okay, then.
Really quaff the potion of mutation?
You feel extremely strange.
You feel less resistant to poisons.
You no longer feel heat resistant.
You feel weaker.
You feel strong-willed. A pair of antennae grows on your head!
You feel less in control of your magic.
You die...

#...##.............
#...##.............
#...##.............
#...#########......
#...# #...... #†..#
#...... #.l.#
#...... #...#
#...... #.@(#
#...... #...#
####### #...# #####


You could see a frilled lizard.

Vanquished Creatures
  An adder (D:2)
  A dart slug (D:1)
  A ball python (D:1)
  5 endoplasms
  4 giant cockroaches
  2 goblins (D:1)
  3 hobgoblins (D:1)
  A quokka (D:2)
  2 bats
  2 frilled lizards (D:1)
  3 kobolds (D:1)
  A rat (D:1)
26 creatures vanquished.

Vanquished Creatures (collateral kills)
  A rat (D:1)
1 creature vanquished.

Grand Total: 27 creatures vanquished

Notes
Turn   | Place    | Note
-------+----------+-------------------------------------------
     0 | D:1      | GordonOverkill the Felid Necromancer began the quest for
                  | the Orb.
     0 | D:1      | Reached XP level 1. HP: 7/7 MP: 4/4
   841 | D:1      | Reached XP level 2. HP: 10/12 MP: 4/6
  1025 | D:1      | Learned a level 1 spell: Animate Skeleton
  1035 | D:1      | Learned a level 1 spell: Summon Small Mammal
  1377 | D:1      | Reached skill level 1 in Fighting
  1908 | D:2      | Reached skill level 1 in Summonings
  2038 | D:2      | Reached XP level 3. HP: 13/15 MP: 4/7
  2073 | D:2      | Gained mutation: Your flesh is heat resistant. (rF+)
                  | [potion of mutation]
  2073 | D:2      | Gained mutation: Your system is resistant to poisons.
                  | (rPois) [potion of mutation]
  2087 | D:2      | Lost mutation: Your system is resistant to poisons. (rPois)
                  | [potion of mutation]
  2087 | D:2      | Lost mutation: Your flesh is heat resistant. (rF+) [potion
                  | of mutation]
  2087 | D:2      | Gained mutation: You are weak. (Str -2) [potion of
                  | mutation]
  2087 | D:2      | Gained mutation: You are strong-willed. (Will+) [potion of
                  | mutation]
  2087 | D:2      | Gained mutation: You have a pair of small antennae on your
                  | head. [potion of mutation]
  2087 | D:2      | Gained mutation: Your spells are a little harder to cast,
                  | but a little more powerful. [potion of mutation]
  2087 | D:2      | Succumbed to an adder's poison

Illustrated notes

Levels and vault maps discovered:
D:1:      elethiomel_arrival_maze, layout_rooms
D:2:      layout_basic

Skill      XL: |  1  2 |
---------------+-------+-----
Stealth        | 3 |  3.5
Fighting       | 1 |  1.1
Summonings     | 1 |  1.2
Dodging        | |  2.6
Spellcasting   | |  2.3
Necromancy     | |  4.1

Action                   || total
-------------------------++-------
Melee: Unarmed           ||    23
       Bite              ||     1
 Cast: Pain              ||    49
       Animate Skeleton  ||     6
       Summon Small Mamm ||     3
  Use: Potion            ||     4
 Stab: Distracted        ||     1
       Sleeping          ||     1
Armor: Skin              ||     1
Dodge: Dodged            ||    21
